 Dungeon Crawl Stone Soup version 0.21.1-1-g345015f (webtiles) character file.

469 Santangelo the Shield-Bearer (level 6, -11/55 HPs)
             Began as a Minotaur Fighter on Feb 5, 2018.
             Splashed by Ijyb's acid (15 damage)
             ... on level 4 of the Dungeon.
             The game lasted 00:32:30 (4274 turns).

Santangelo the Shield-Bearer (Minotaur Fighter)     Turns: 4274, Time: 00:32:30

Health: -11/55     AC:  5    Str: 22 (23) XL:     6   Next: 82%
Magic:  5/5        EV:  6    Int:  2 (5)  God:
Gold:   279        SH: 10    Dex:  8 (9)  Spells: 5/5 levels left

rFire    x . .     SeeInvis .   a - +1 war axe
rCold    + . .     Gourm    .   c - +0 shield
rNeg     . . .     Faith    .   p - +0 chain mail
rPois    .         Spirit   .   (helmet restricted)
rElec    .         Reflect  .   (no cloak)
rCorr    .         Harm     .   (no gloves)
MR       .....                  (no boots)
Stlth    ..........             (no amulet)
HPRegen  0.18/turn              b - ring of ice
MPRegen  0.09/turn              i - ring of wizardry

@: corroded
A: retaliatory headbutt, horns 2
a: no special abilities


You were on level 4 of the Dungeon.
You were not hungry.

You visited 1 branch of the dungeon, and saw 4 of its levels.

You collected 279 gold pieces.

Inventory:

Hand Weapons
 a - a +1 war axe (weapon)
Armour
 c - a +0 shield (worn)
 p - a +0 chain mail (worn)
Jewellery
 b - a ring of ice (left hand)
 i - a ring of wizardry (right hand)
Wands
 k - a wand of random effects (29)
Scrolls
 e - 3 scrolls of identify
 g - 2 scrolls of enchant armour {unknown}
 l - a scroll of fog
Potions
 d - a potion of flight
 j - a potion of curing
 m - a potion of heal wounds {unknown}
Books
 h - a book of Necromancy

   Spells                             Type                      Level
   a - Pain                           Necromancy                   1
   b - Animate Skeleton               Necromancy                   1
   c - Vampiric Draining              Necromancy                   3
   d - Regeneration                   Charms/Necromancy            3
   e - Animate Dead                   Necromancy                   4
   f - Borgnjor's Vile Clutch         Necromancy/Earth             5
 u - a book of Maledictions

   Spells                             Type                      Level
   a - Corona                         Hexes                        1
   b - Ensorcelled Hibernation        Hexes/Ice                    2
   c - Confuse                        Hexes                        3
   d - Tukima's Dance                 Hexes                        3
   e - Dazzling Spray                 Conjuration/Hexes            3
Comestibles
 f - 6 rations


   Skills:
 + Level 4.8 Fighting
 + Level 5.2 Axes
 + Level 5.3 Armour
 - Level 1.9 Dodging
 * Level 5.6 Shields


You had 5 spell levels left.
You didn't know any spells.

Dungeon Overview and Level Annotations

Branches:
Dungeon (4/15)
 Temple: D:4-7

Altars:

Annotations:
D:3 bmj180's ghost, novice HaFi
D:4 Ijyb


Innate Abilities, Weirdness & Mutations

You reflexively headbutt those who attack you in melee.
You have a pair of horns on your head.


Message History

You start resting.
HP restored.
There is an open door here.
Ijyb shouts!
Ijyb zaps a wand.
The bolt of acid hits you! The acid corrodes you!
You are splashed with acid!
The acid burns!
You are too injured to fight recklessly!
You are too injured to fight recklessly!
You are too injured to fight recklessly!
You are too injured to fight recklessly!
You are too injured to fight recklessly!
You are too injured to fight recklessly!
You are too injured to fight recklessly!
You block Ijyb's attack.
You closely miss Ijyb. Ijyb hits you but does no damage.
You barely miss Ijyb.
Ijyb zaps a wand.
The bolt of acid misses you.
Ijyb zaps a wand.
The bolt of acid hits you!
* * * LOW HITPOINT WARNING * * *
You are splashed with acid!
The acid burns!
You die...

.......#. .
.......'. ..
.......# ..
#......# #'
#......# .##..
##......#
......#.......#
....(.'g@.....#
......##......#
.##.. #......#
#. ##......#.
#. #.......'. #
#.......#.
##......#
######......#.
##...##......'.


You could see Ijyb.

Vanquished Creatures
  Sigmund (D:2)
  An ogre (D:2)
  2 centaur zombies
  An orc wizard (D:4)
  4 adders
  2 oozes (D:1)
  3 worms
  4 dart slugs
  A leopard gecko (D:3)
  6 orcs
  A ball python (D:4)
  6 bats
  5 giant cockroaches
  7 goblins
  12 hobgoblins
  2 jackals (D:4)
  3 quokkas (D:4)
  5 frilled lizards
  7 kobolds
  6 rats
79 creatures vanquished.

Notes
Turn   | Place    | Note
-------+----------+-------------------------------------------
     0 | D:1      | Santangelo the Minotaur Fighter began the quest for the Orb.
     0 | D:1      | Reached XP level 1. HP: 19/19 MP: 0/0
    71 | D:1      | Reached XP level 2. HP: 27/27 MP: 1/1
   298 | D:1      | Reached XP level 3. HP: 33/33 MP: 2/2
   757 | D:2      | Noticed an ogre
   772 | D:2      | Killed an ogre
   772 | D:2      | Reached skill level 1 in Dodging
   772 | D:2      | Reached XP level 4. HP: 12/41 MP: 3/3
   772 | D:2      | Reached XP level 5. HP: 14/47 MP: 4/4
  1079 | D:2      | Noticed Sigmund
  1101 | D:2      | Killed Sigmund
  1101 | D:2      | Reached skill level 5 in Armour
  1101 | D:2      | Reached skill level 5 in Shields
  1101 | D:2      | Reached XP level 6. HP: 28/53 MP: 5/5
  1819 | D:3      | Reached skill level 5 in Axes
  1895 | D:3      | Noticed bmj180's ghost (novice HaFi)
  3528 | D:4      | Noticed Ijyb
  4274 | D:4      | Splashed by Ijyb's acid

Skill      XL: |  1  2  3  4  5  6 |
---------------+-------------------+-----
Fighting       | 4 |  4.8
Armour         | 4 5 |  5.3
Shields        | 4 5 |  5.6
Axes           | 3 4 5 |  5.2
Dodging        | 1 |  1.9

Action                   |  1- 3 |  4- 6 || total
-------------------------+-------+-------++-------
Melee: War axe           |    88 |   152 ||   240
       Headbutt          |    11 |    24 ||    35
  Use: Scroll            |       |     9 ||     9
       Potion            |       |     7 ||     7
  Eat: Chunk             |       |     4 ||     4
       Ration            |       |     2 ||     2
Armor: Scale mail        |    41 |       ||    41
       Chain mail        |     8 |    92 ||   100
Dodge: Dodged            |    27 |    37 ||    64
Block: Shield            |    50 |    91 ||   141
